 Dungeon Crawl Stone Soup version 0.22.0-2-ge58baed0e8 (webtiles) character file.

1098 Chiseanne the Covert (level 8, -6/42 HPs)
             Began as a Spriggan Assassin on Aug 13, 2018.
             Was an Initiate of Gozag.
             Mangled by a wight
             ... wielding a +0 mace of draining
              (9 damage)
             ... on level 7 of the Dungeon.
             The game lasted 00:16:54 (5827 turns).

Chiseanne the Covert (Spriggan Assassin)            Turns: 5827, Time: 00:16:55

Health: -6/42      AC:  5    Str:  7    XL:     8   Next: 10%
Magic:  13/13      EV: 18    Int: 18    God:    Gozag
Gold:   221        SH:  5    Dex: 19    Spells: 6/7 levels left

rFire    . . .     SeeInvis +   k - +3 hand axe (distort)
rCold    . . .     Gourm    .   (shield restricted)
rNeg     . . .     Faith    .   c - +1 robe
rPois    .         Spirit   .   (helmet restricted)
rElec    .         Reflect  +   d - +1 cloak
rCorr    .         Harm     .   (gloves unavailable)
MR       +....                  (boots unavailable)
Stlth    ++++......             n - +5 amulet of reflection
HPRegen  0.14/turn              b - +5 ring of intelligence
MPRegen  0.13/turn              (no ring)

@: heavily drained, very quick
A: very small, unfitting armour, see invisible, herbivore, speed 3, slow
metabolism 2
a: Potion Petition, Call Merchant, Bribe Branch, Renounce Religion


You were on level 7 of the Dungeon.
You worshipped Gozag.
Gozag was aware of your devotion.
You were not hungry.

You visited 2 branches of the dungeon, and saw 8 of its levels.
You also visited: Ossuary.

You collected 863 gold pieces.
You spent 579 gold pieces at shops.
You paid 63 gold pieces to Gozag.

Inventory:

Hand Weapons
 a - a +3 dagger
 k - a +3 hand axe of distortion (weapon)
 w - a +0 blowgun
Missiles
 e - 56 poisoned needles
 f - 8 curare-tipped needles
 h - 52 bolts
 m - 258 stones (quivered)
 p - a throwing net {!*}
 z - 2 throwing nets {!*}
 B - 41 sling bullets
 I - 6 poisoned tomahawks
 J - 22 arrows
Armour
 c - a +1 robe (worn)
 d - a +1 cloak (worn)
Magical Staves
 q - an uncursed staff of conjuration {unknown}
Jewellery
 b - a +5 ring of intelligence (left hand)
 n - a +5 amulet of reflection (around neck)
 K - the cursed ring "Kiennask" {rElec rC+ MP+9 AC-3 Stlth+}
   (You found it on level 5 of the Dungeon)

   [ring of protection]

   It affects your AC (-3).
   It protects you from cold.
   It insulates you from electricity.
   It affects your magic capacity (+9).
   It makes you more stealthy.
   It has a curse placed upon it.
Wands
 t - a wand of iceblast (9)
 v - a wand of paralysis (13)
 y - a wand of digging (15)
Scrolls
 o - 8 scrolls of remove curse
 F - 2 scrolls of teleportation
 H - 4 scrolls of enchant armour
 M - a scroll of fear
Potions
 i - 3 potions of haste
 j - a potion of berserk rage {unknown}
 l - 6 potions of heal wounds
 r - 8 potions of curing
 s - 2 potions of brilliance {unknown}
 u - 2 potions of mutation {unknown}
 x - 3 potions of flight
 A - 3 potions of agility
 C - a potion of invisibility {unknown}
 D - 2 potions of magic
 E - a potion of ambrosia {unknown}
 G - 2 potions of might
 L - a potion of lignification
Comestibles
 g - 6 rations


   Skills:
 * Level 4.3(2.6) Fighting
 - Level 2.2(0.6) Short Blades
 - Level 2.0(0.4) Throwing
 - Level 4.1(2.4) Dodging
 * Level 11.0(9.0) Stealth
 * Level 5.8(4.0) Evocations


You had 6 spell levels left.
You knew the following spells:

 Your Spells              Type           Power        Failure   Level  Hunger
a - Apportation           Tloc           #.....       22%         1    ##.....

Your spell library contained the following spells:

 Spells                   Type           Power        Failure   Level  Hunger
 Summon Small Mammal      Summ           #...         22%         1    ##.....
 Animate Skeleton         Necr           N/A          22%         1    ##.....
 Confusing Touch          Hex            #.....       22%         1    ##.....


Dungeon Overview and Level Annotations

Branches:
Dungeon (7/15)             Temple (1/1) D:5

Altars:
Ashenzari
Dithmenos
Elyvilon
Gozag
Hepliaklqana
Kikubaaqudgha
Makhleb
Nemelex Xobeh
Ru
Sif Muna
Uskayaw
Vehumet
Wu Jian
Xom
Zin

Shops:
D:5 *   D:6 !


Innate Abilities, Weirdness & Mutations

You are very small and have problems with some larger weapons.
You are too small for most types of armour.
You have supernaturally acute eyesight. (SInv)
You are a herbivore.
You cover ground extremely quickly.
You need to consume almost no food.


Message History

Your base Stealth skill increases to level 11!
Evoke which item? (* to show all) (? for menu, Esc to quit)
Aiming: Paralyse
Press: ? - help, Shift-Dir - straight line, f - jelly
Aim: a jelly (chance to defeat MR: 67%)
The jelly suddenly stops moving!
The orc is distracted by the nearby gold.
The helpless jelly fails to defend itself.
You hit the jelly.
Space bends around the jelly.
Your hands burn!
* * * LOW HITPOINT WARNING * * *
The jelly is moderately wounded.
The orc is no longer distracted by gold.
The helpless jelly fails to defend itself.
You hit the jelly.
Your hands burn!
* * * LOW HITPOINT WARNING * * *
The jelly is moderately wounded.
The jelly disappears!
The wight hits you with a mace of draining!
You die...
Your body crumbles into a pile of gold.

######### #.......# #.......#
#.....[.# #.......# #.......#
#.......# ########.......###
#######.ooz$oz@.......)# #####
........######.......#.## #....
........# #########..###....
(.....Yz# ##........ ......o.#
#....#### .....o.o########
##........ ...............#
#.........
)...(...#......#######.........
........#......<.............).


You could see 2 wights and 3 orcs.

Vanquished Creatures
  An ice beast (D:7)
  2 bullfrogs
  A scorpion (D:4)
  A wight (D:7)
  A crimson imp (D:6)
  A jelly (D:6)
  4 orc priests (D:6)
  A centaur skeleton (D:5)
  An orc wizard (D:4)
  Ijyb (D:3)
  2 worker ants
  A hound skeleton (D:5)
  8 mummies (Ossuary)
  8 gnolls
  5 adders
  2 oozes
  2 adder skeletons (D:4)
  4 worms
  2 dart slugs (D:1)
  2 leopard geckos (D:1)
  5 orcs
  7 bats
  4 giant cockroaches
  8 goblins
  7 hobgoblins
  13 jackals
  8 kobolds
  2 quokkas
  2 ball pythons
  6 frilled lizards
  A hobgoblin zombie (Ossuary)
  3 kobold zombies (Ossuary)
  A leopard gecko skeleton (D:6)
  2 orc zombies (Ossuary)
  A quokka skeleton (D:5)
  10 rats
130 creatures vanquished.

Vanquished Creatures (others)
  An ice beast (D:7)
  An orc priest (D:4)
  2 gnolls (D:5)
  An adder (D:3)
  A worm (D:4)
  A hobgoblin zombie (Ossuary)
  A kobold zombie (Ossuary)
8 creatures vanquished.

Grand Total: 138 creatures vanquished

Notes
Turn   | Place    | Note
-------+----------+-------------------------------------------
     0 | D:1      | Chiseanne the Spriggan Assassin began the quest for the Orb.
     0 | D:1      | Reached XP level 1. HP: 10/10 MP: 2/2
    44 | D:1      | Reached skill level 6 in Stealth
    83 | D:1      | Reached XP level 2. HP: 14/14 MP: 3/3
   602 | D:1      | Reached skill level 7 in Stealth
   610 | D:1      | Reached XP level 3. HP: 18/18 MP: 4/4
  1376 | D:2      | Reached XP level 4. HP: 22/22 MP: 5/5
  1397 | D:2      | Reached skill level 8 in Stealth
  1910 | D:3      | Found a burning altar of Makhleb.
  2209 | D:3      | Learned a level 1 spell: Apportation
  2378 | D:3      | Noticed Ijyb
  2449 | D:3      | Reached XP level 5. HP: 26/26 MP: 6/6
  2656 | D:3      | Killed Ijyb
  2754 | D:4      | Reached skill level 1 in Evocations
  2873 | D:4      | Reached skill level 9 in Stealth
  3062 | D:4      | Reached XP level 6. HP: 21/32 MP: 8/8
  3246 | D:4      | Found a shadowy altar of Dithmenos.
  3248 | D:4      | Found a shattered altar of Ashenzari.
  3251 | D:4      | Found a sparkling altar of Nemelex Xobeh.
  3252 | D:4      | Found an ancient bone altar of Kikubaaqudgha.
  3257 | D:4      | Found a glowing silver altar of Zin.
  3542 | D:5      | Entered Level 5 of the Dungeon
  3543 | D:5      | Found a staircase to the Ecumenical Temple.
  3555 | Temple   | Entered the Ecumenical Temple
  3592 | Temple   | Became a worshipper of Gozag Ym Sagoz the Greedy
  3763 | D:5      | Found a sand-covered staircase.
  3773 | Ossuary  | Entered an ossuary
  4302 | D:5      | Found Ikloaj's Serpentskin Sales.
  4306 | D:5      | Reached XP level 7. HP: 33/36 MP: 10/10
  4311 | D:5      | Bought 3 curare-tipped needles for 27 gold pieces
  4311 | D:5      | Bought 6 poisoned tomahawks for 90 gold pieces
  4589 | D:5      | Got a smoking glass ring
  4662 | D:5      | Identified the cursed ring "Kiennask" {rElec rC+ MP+9 AC-3 Stlth+} (You found it on level 5 of the Dungeon)
  4803 | D:6      | Reached skill level 10 in Stealth
  4841 | D:6      | Found Kiula Qod's Distillery.
  4844 | D:6      | Bought a potion of magic for 88 gold pieces
  4844 | D:6      | Bought a potion of heal wounds for 55 gold pieces
  4844 | D:6      | Bought a potion of agility for 44 gold pieces
  4844 | D:6      | Bought a potion of lignification for 33 gold pieces
  4844 | D:6      | Bought a potion of might for 44 gold pieces
  4844 | D:6      | Bought a potion of haste for 110 gold pieces
  4844 | D:6      | Bought a potion of curing for 33 gold pieces
  4844 | D:6      | Bought a potion of heal wounds for 55 gold pieces
  5215 | D:6      | Found an ornate altar of the Wu Jian Council.
  5316 | D:6      | Found a radiant altar of Vehumet.
  5685 | D:7      | Reached skill level 5 in Evocations
  5812 | D:7      | Reached XP level 8. HP: 6/42 MP: 13/13
  5820 | D:7      | Reached skill level 11 in Stealth
  5827 | D:7      | Mangled by a wight

Skill      XL: |  1  2  3  4  5  6  7  8 |
---------------+-------------------------+-----
Stealth        | 6 7 8 9 10 11 | 11.0
Dodging        | 2 3 4 |  4.1
Fighting       | 2 3 4 |  4.3
Evocations     | 2 3 5 |  5.8
Short Blades   | |  2.2
Throwing       | |  2.0

Action                   |  1- 3 |  4- 6 |  7- 9 || total
-------------------------+-------+-------+-------++-------
Melee: Dagger            |   142 |     7 |       ||   149
       Hand axe          |       |   128 |    69 ||   197
 Fire: Blowgun           |    23 |     9 |       ||    32
Throw: Stone             |       |     5 |       ||     5
       Throwing net      |       |     2 |       ||     2
Evoke: Wand              |       |     6 |     3 ||     9
  Use: Scroll            |     3 |    12 |     3 ||    18
 Stab: Sleeping          |     8 |    14 |     7 ||    29
       Distracted        |     2 |       |     1 ||     3
       Held in net/web   |       |     1 |       ||     1
       Paralysed         |       |       |     8 ||     8
  Eat: Ration            |       |     3 |       ||     3
Armor: Robe              |    21 |     6 |     3 ||    30
Dodge: Dodged            |   101 |    83 |    44 ||   228
Block: Other             |    11 |    26 |     8 ||    45
       Reflection        |     1 |       |       ||     1
